 Dungeon Crawl Stone Soup version 0.20.1-1-g8b1a95d (console) character file.

880 bli the Fighter (level 7, 0/70 HPs)
             Began as a Red Draconian Wanderer on July 29, 2017.
             Slain by an ice beast (13 damage)
             ... on level 5 of the Dungeon.
             The game lasted 00:20:11 (4212 turns).

bli the Fighter (Red Draconian Wanderer)            Turns: 4212, Time: 00:20:12

Health: 0/70       AC:  6    Str: 18    XL:     7   Next: 75%
Magic:  16/16      EV: 12    Int:  9    God:
Gold:   209        SH:  3    Dex: 12    Spells: 6/6 levels left

rFire    + . .     SeeInvis .   b - +4 mace (pain)
rCold    . . .     Gourm    .   r - +0 buckler (curse)
rNeg     . . .     Faith    .   (armour unavailable)
rPois    .         Spirit   .   (helmet restricted)
rElec    .         Reflect  .   (no cloak)
rCorr    .         Harm     .   (no gloves)
MR       .....                  (no boots)
Stlth    ++........             (no amulet)
Regen    0.3/turn               B - ring of magical power
MPRegen  0.2/turn               (no ring)

@: slowed, very slow
A: breathe fire, unfitting armour, fire resistance 1, cold-blooded, AC +6
a: Breathe Fire


You were on level 5 of the Dungeon.
You were not hungry.

You visited 2 branches of the dungeon, and saw 6 of its levels.

You collected 209 gold pieces.

Inventory:

Hand Weapons
 a - a +2 shortbow
 b - a +4 mace of pain (weapon)
 j - a +1 dagger of speed
 u - a cursed -1 war axe
 z - a +0 glaive
Missiles
 l - 31 arrows
 o - 219 stones (quivered)
Armour
 r - a cursed +0 buckler (worn)
Jewellery
 B - a ring of magical power (left hand)
Wands
 w - a wand of enslavement (13/24)
Scrolls
 d - 3 scrolls of teleportation
 h - 2 scrolls of amnesia {unknown}
 p - a scroll of remove curse {unknown}
 t - 3 scrolls of identify {unknown}
 y - a scroll of fear {unknown}
 E - a scroll of enchant weapon {unknown}
 F - a scroll of recharging {unknown}
Potions
 c - a potion of lignification
 e - a potion of might {unknown}
 g - a potion of magic {unknown}
 k - 3 potions of haste {unknown}
 m - 2 potions of curing {unknown}
 n - 2 potions of agility {unknown}
 q - 2 potions of flight {unknown}
 v - 2 potions of invisibility {unknown}
 x - a potion of brilliance {unknown}
 A - 2 potions of mutation {unknown}
 D - 2 potions of heal wounds {unknown}
Comestibles
 f - 5 bread rations
 i - 4 royal jellies
 s - 4 meat rations
 C - a chunk of flesh


   Skills:
 + Level 9.1 Fighting
 + Level 3.4 Maces & Flails
 - Level 1.7 Bows
 + Level 2.3 Dodging
 + Level 2.8 Stealth
 + Level 1.0 Evocations


You had 6 spell levels left.
You didn't know any spells.

Dungeon Overview and Level Annotations

Branches:
Dungeon (5/15)             Temple (1/1) D:5

Altars:
Ashenzari
Cheibriados
Hepliaklqana
Kikubaaqudgha
Nemelex Xobeh
Qazlal
Trog
Uskayaw
Vehumet
Xom
Yredelemnul
Zin
The Shining One

Shops:
D:5 :


Innate Abilities, Weirdness & Mutations

You can breathe blasts of fire.
Your fiery red scales are hard. (AC +6)
You cannot fit into any form of body armour.
Your flesh is heat resistant. (rF+)
You are cold-blooded and may be slowed by cold attacks.


Message History

You block the ice beast's attack.
You hit the ice beast but do no damage.
You tail-slap the ice beast, but do no damage.
The ice beast is lightly wounded.
The ice beast barely misses you. The ice beast misses you.
You closely miss the ice beast.
The ice beast is lightly wounded.
The ice beast barely misses you.
You closely miss the ice beast.
Your tail-slap misses the ice beast.
The ice beast is lightly wounded.
The ice beast closely misses you.
You sock the ice beast!
The ice beast is heavily wounded.
The ice beast misses you.
You closely miss the ice beast.
The ice beast is heavily wounded.
The ice beast hits you.
* * * LOW HITPOINT WARNING * * *
The ice beast freezes you!
You feel yourself slow down.
You die...

#.##..........#...≈≈≈
#.##..........#..≈≈≈≈
#.##..........#..≈≈≈≈
#................≈≈≈≈
####.#.########..≈≈≈≈
#.#.# ######...≈≈≈
#.### #..........≈
#.# #.####...... #.#
#....#...... #.#
#....#.....# #.#@#
#....#.....# #.#Y#
#....#...... ....#
###.#....##### #.###
#........+.... #.#
###.#.#....##.## #.#
#.....#....##
###.###.#.#.#.####
#.............. ##
###.###.#...... .
#.###+#.###.## ##
#.......# .# ..


You could see an ice beast.

Vanquished Creatures
  Grinder (D:3)
  The ghost of bmj180 the Cutter, an amateur HaFi (D:3)
  A black bear (D:4)
  A crimson imp (D:3)
  A hound (D:4)
  A bullfrog skeleton (D:5)
  2 orc wizards (D:5)
  An orc priest (D:4)
  Natasha (twice) (D:3)
  Terence (D:2)
  A worker ant (D:4)
  A hound skeleton (D:5)
  Robin (D:3)
  A howler monkey skeleton (D:5)
  7 adders
  5 worms
  3 dart slugs
  2 leopard geckos
  6 orcs
  A ball python (D:2)
  4 giant cockroaches
  15 goblins
  8 hobgoblins
  4 jackals (D:1)
  3 quokkas
  5 bats
  2 frilled lizards (D:1)
  5 kobolds
  5 rats
91 creatures vanquished.

Notes
Turn   | Place    | Note
-------+----------+-------------------------------------------
     0 | D:1      | bli the Draconian Wanderer began the quest for the Orb.
     0 | D:1      | bli set off with: a +2 shortbow, 27 arrows, a potion of lignification, a scroll of teleportation, a bread ration
     0 | D:1      | Reached XP level 1. HP: 22/22 MP: 1/1
   270 | D:1      | Reached XP level 2. HP: 28/28 MP: 2/2
   410 | D:1      | Reached skill level 5 in Fighting
   905 | D:1      | Reached XP level 3. HP: 32/36 MP: 3/3
  1278 | D:2      | Noticed Terence
  1289 | D:2      | Killed Terence
  1454 | D:2      | Reached skill level 6 in Fighting
  1454 | D:2      | Reached XP level 4. HP: 38/44 MP: 4/4
  1791 | D:2      | You fall through a shaft for 2 floors!
  1934 | D:4      | Reached XP level 5. HP: 51/51 MP: 5/5
  1972 | D:4      | Noticed a black bear
  1977 | D:4      | Killed a black bear
  1977 | D:4      | Reached skill level 7 in Fighting
  2152 | D:4      | Reached skill level 1 in Dodging
  2152 | D:4      | Reached XP level 6. HP: 43/61 MP: 6/6
  2282 | D:5      | Entered Level 5 of the Dungeon
  2289 | D:5      | Found Oneil's Book Shoppe.
  2333 | D:3      | Noticed Robin
  2344 | D:3      | Killed Robin
  2449 | D:3      | Noticed bmj180's ghost (amateur HaFi)
  2466 | D:3      | Killed bmj180's ghost
  2466 | D:3      | Reached skill level 8 in Fighting
  2723 | D:3      | Noticed Natasha
  2725 | D:3      | Noticed Grinder
  2732 | D:3      | Killed Natasha
  2732 | D:3      | Paralysed by Grinder for 6 turns
  2740 | D:3      | Your scales start taking on a fiery red colour.
  2740 | D:3      | Reached XP level 7. HP: 64/69 MP: 7/7
  2740 | D:3      | Gained mutation: Your flesh is heat resistant. (rF+) [Red Draconian growth]
  2745 | D:3      | Paralysed by Grinder for 6 turns
  2760 | D:3      | Killed Grinder
  3171 | D:3      | Noticed Natasha
  3177 | D:3      | Killed Natasha
  3177 | D:3      | Reached skill level 9 in Fighting
  3757 | D:5      | Found a staircase to the Ecumenical Temple.
  3853 | Temple   | Entered the Ecumenical Temple
  4212 | D:5      | Slain by an ice beast

Skill      XL: |  1  2  3  4  5  6  7 |
---------------+----------------------+-----
Fighting       | 5 6 7 8 9 |  9.1
Dodging        | 1 2 |  2.3
Stealth        | 2 |  2.8
Maces & Flails | 3 |  3.4
Bows           | |  1.7
Evocations     | |  1.0

Action                   |  1- 3 |  4- 6 |  7- 9 || total
-------------------------+-------+-------+-------++-------
Melee: Mace              |       |    14 |    78 ||    92
       Tailslap          |       |       |     9 ||     9
 Fire: Shortbow          |    87 |   112 |     7 ||   206
Throw: Stone             |       |       |     1 ||     1
 Stab: Distracted        |       |       |     1 ||     1
  Eat: Chunk             |     1 |     4 |     5 ||    10
Armor: Skin              |    15 |    21 |    23 ||    59
Dodge: Dodged            |    19 |    18 |    53 ||    90
Block: Buckler           |       |       |     8 ||     8
